 Dungeon Sprint DCSS version 0.29-a0-187-ga23d9638d5 (webtiles) character file.

Game seed: 11237877812265157833

7500 esteth the Gargoyle Cataclysm (level 11, -6/78 HPs)
             Began as a Gargoyle Fighter on Feb 21, 2022.
             Was a High Priest of Qazlal.
             Mangled by a royal mummy (22 damage)
             ... in the Dungeon (Sprint V: "Ziggurat Sprint").
             The game lasted 00:09:20 (909 turns).

esteth the Gargoyle Cataclysm (Gargoyle Fighter)     Turns: 909, Time: 00:09:20

Health: -6/78      AC: 34    Str: 33    XL:     11   Next: 16%
Magic:  5/28       EV: 11    Int: 14    God:    Qazlal [*****.]
Gold:   0          SH:  7    Dex:  9    Spells: 10/10 levels left

rFire   . . .      SeeInvis +   J - +6 Majin-Bo {vamp, MP+6 Int+6}
rCold   . . .      Faith    .   (shield currently unavailable)
rNeg    + + .      Spirit   .   C - +5 shadow dragon scales {rare}
rPois   ∞          Reflect  .   Y - +2 helmet {SInv}
rElec   +          Harm     .   (no cloak)
rCorr   .          Rampage  .   (no gloves)
Will    .....      NoTele   +   (no boots)
Stlth   +.........              V - amulet "Zoilona" {rN+ Regen+ Int-4 Stlth+}
HPRegen 1.03/turn               s - +6 ring of strength
MPRegen 0.21/turn               S - +6 ring of strength

@: protected from physical damage, slowed, repel missiles, very slow
A: sickness immunity, AC +8, negative energy resistance 1, electricity
resistance, torment resistance 1, petrification resistance
a: Renounce Religion, Upheaval, Elemental Force, Disaster Area


You were in the Dungeon.
You worshipped Qazlal.
Qazlal was extremely pleased with you.
You visited 1 branch


Innate Abilities, Weirdness & Mutations

You are immune to sickness and miasma.
Your stone body is resilient. (AC +8)
You are immune to poison.
You resist negative energy. (rN+)
You are resistant to electric shocks. (rElec)
You are resistant to unholy torment.
You are immune to petrification.


   Skills:
 + Level 13.5 Fighting
 - Level 1.7 Axes
 - Level 14.0 Staves
 + Level 11.8 Armour
 + Level 7.5 Dodging
 - Level 3.2 Shields
 - Level 15.2 Invocations


You had 10 spell levels left.
You didn't know any spells.
Your spell library contained the following spells:

 Spells                   Type           Power      Damage    Failure   Level
 Beastly Appendage        Tmut           0%         N/A       67%         1
 Sandblast                Erth           0%         2d4       67%         1
 Sting                    Tmut/Pois      0%         1d3       67%         1
 Summon Small Mammal      Summ           0%         N/A       67%         1
 Corpse Rot               Necr/Air       0%         N/A       80%         2
 Passwall                 Tmut/Erth      0%         N/A       80%         2
 Call Canine Familiar     Summ           0%         N/A       95%         3
 Confusing Touch          Hex            0%         N/A       95%         3
 Gell's Gravitas          Tloc           0%         N/A       95%         3
 Stone Arrow              Conj/Erth      0%         3d7       95%         3
 Summon Guardian Golem    Hex/Summ       0%         N/A       95%         3
 Anguish                  Hex/Necr       0%         N/A       100%        4
 Dispel Undead            Necr           0%         3d6       100%        4
 Ice Form                 Ice/Tmut       0%         N/A       100%        4
 Olgreb's Toxic Radiance  Pois           0%         N/A       100%        4
 Petrify                  Tmut/Erth      0%         N/A       100%        4
 Alistair's Intoxication  Tmut/Pois      0%         N/A       100%        5
 Borgnjor's Vile Clutch   Necr/Erth      0%         N/A       100%        5
 Freezing Cloud           Conj/Ice/Air   0%         6-21      100%        5
 Yara's Violent Unravell  Hex/Tmut       0%         3d3       100%        5
 Death Channel            Necr           0%         N/A       100%        6
 Eringya's Noxious Bog    Tmut/Pois      0%         N/A       100%        6
 Simulacrum               Ice/Necr       0%         N/A       100%        6
 Enfeeble                 Hex            0%         N/A       100%        7
 Ozocubu's Refrigeration  Ice            0%         4d5       100%        7
 Borgnjor's Revivificati  Necr           0%         N/A       100%        8
 Discord                  Hex            0%         N/A       100%        8
 Ignition                 Fire           0%         3d3       100%        8
 Necromutation            Tmut/Necr      0%         N/A       100%        8
 Death's Door             Necr           0%         N/A       100%        9
 Sublimation of Blood     Necr           Unusable   N/A       N/A         2

Inventory:

Hand Weapons
 a - the +8 storm bow {elec, penet}
   (You found it in the Dungeon)

   Any ammunition fired from it occasionally discharges a powerful burst of
   electricity upon striking a foe.
   Any ammunition fired by it passes through the targets it hits, potentially
   hitting all targets in its path until it reaches maximum range.
 J - the +6 Majin-Bo (weapon) {vamp, MP+6 Int+6}
   (You found it in the Dungeon)

   It occasionally heals its wielder for a portion of the damage dealt when they
   wound a living foe with it or with a spell.
   Its wielder's spells cost health as well as magical power.
   Int:       It affects your intelligence (+6).
   MP:        It affects your magic capacity (+6).
 U - the +8 lance "Wyrmbane" {slay drac, rPois rF+ rC+ AC+3}
   (You found it in the Dungeon)

   It inflicts extra damage against dragons and draconians.
   AC:        It affects your AC (+3).
   rF:        It protects you from fire.
   rC:        It protects you from cold.
   rPois:     It protects you from poison.
 Z - the +7 Singing Sword {vorpal, sonic wave}
   (You found it in the Dungeon)

   It inflicts extra damage upon your enemies.
   It radiates damaging sonic waves as it strikes, especially in combat
   involving dangerous or numerous foes.
Armour
 b - a +0 scale mail
 c - a +0 buckler
 n - a +0 leather armour
   (You took it off an orc in the Dungeon)
 z - a +3 buckler
   (You found it in the Dungeon)
 A - a +5 crystal plate armour {rare}
   (You found it in the Dungeon)
 B - +5 gold dragon scales {rare}
   (You found it in the Dungeon)
 C - +5 shadow dragon scales (worn) {rare}
   (You found it in the Dungeon)
 E - +5 storm dragon scales {rare}
   (You found it in the Dungeon)
 F - +5 ice dragon scales
   (You found it in the Dungeon)
 H - a +5 plate armour
   (You found it in the Dungeon)
 K - a +0 helmet of intelligence
   (You found it in the Dungeon)
 N - the +15 Maxwell's patent armour {-Cast -Tele rElec Will+ rCorr}
   (You found it in the Dungeon)

   rElec:     It insulates you from electricity.
   -Cast:     It prevents spellcasting.
   -Tele:     It prevents most forms of teleportation.
   rCorr:     It protects you from acid and corrosion.
   Will:      It increases your willpower.
 O - the +18 shield of the Gong {rElec rN+ Will+ EV-5}
   (You found it in the Dungeon)

   It is deafeningly noisy when blocking attacks.
   EV:        It affects your evasion (-5).
   rElec:     It insulates you from electricity.
   rN:        It protects you from negative energy.
   Will:      It increases your willpower.
 P - +5 fire dragon scales
   (You found it in the Dungeon)
 R - a +0 robe
   (You took it off a wight in the Dungeon)
 T - a +0 robe
   (You found it in the Dungeon)
 Y - a +2 helmet of see invisible (worn)
   (You found it in the Dungeon)
Magical Staves
 X - a staff of poison {!a}
   (You found it in the Dungeon)
Jewellery
 d - a +6 ring of dexterity
   (You found it in the Dungeon)
 i - a +6 ring of intelligence
   (You found it in the Dungeon)
 s - a +6 ring of strength (left hand)
   (You found it in the Dungeon)
 D - a +6 ring of dexterity
   (You found it in the Dungeon)
 G - an amulet of guardian spirit
   (You found it in the Dungeon)
 I - a +6 ring of intelligence
   (You found it in the Dungeon)
 L - a ring of flight
   (You found it in the Dungeon)
 S - a +6 ring of strength (right hand)
   (You found it in the Dungeon)
 V - the amulet "Zoilona" (around neck) {rN+ Regen+ Int-4 Stlth+}
   (You found it in the Dungeon)

   [amulet of regeneration]

   Int:       It affects your intelligence (-4).
   rN:        It protects you from negative energy.
   Regen:     It increases your rate of health regeneration.
   Stlth:     It makes you more stealthy.
Wands
 w - a wand of mindburst (7)
   (You found it in the Dungeon)
 x - a wand of iceblast (7)
   (You found it in the Dungeon)
 y - a wand of acid (7)
   (You found it in the Dungeon)
Scrolls
 j - 4 scrolls of blinking {!r}
 o - 7 scrolls of fog
 p - a scroll of holy word
 q - 5 scrolls of identify {@r1}
 r - 2 scrolls of fear
 Q - a scroll of brand weapon
Potions
 e - 9 potions of curing {@q1}
 g - 6 potions of haste {@q3}
 h - 7 potions of magic
 k - 2 potions of brilliance
 l - a potion of invisibility
 m - 4 potions of resistance
 t - 3 potions of berserk rage {!q}
 u - 6 potions of might
Miscellaneous
 v - a lightning rod (4/4)
   (You found it in the Dungeon)
 M - a phial of floods
   (You found it in the Dungeon)
 W - a condenser vane
   (You found it in the Dungeon)

Dungeon Overview and Level Annotations

Branches:
Dungeon (1/1)

Altars:
Ashenzari
Cheibriados
Dithmenos
Elyvilon
Fedhas
Gozag
Hepliaklqana
Kikubaaqudgha
Makhleb
Nemelex Xobeh
Okawaru
Qazlal
Ru
Sif Muna
Trog
Uskayaw
Vehumet
Wu Jian
Xom
Yredelemnul
Zin
The Shining One
Beogh
Jiyva
Lugonu

Annotations:
D 1 transporter

▓....©....▓...©...▓
▓▓▓▓▓▓▓▓▓▓▓▓▓▓▓▓▓▓▓
▓.[.8©8.≈.▓..8©8..▓
▓..=.≈≈...▓..))[..▓
▓.≈§§§|≈≈.▓..).}..▓
▓≈≈§)§§≈.§▓....)..▓
▓≈§.§§○≈.§▓...)...▓
▓.§.M9○≈.§▓..)....▓
▓.§..@§☼..▓..)....▓
▓.▓○....▓.▓.▓...▓.▓
▓....©°.§.▓...©...▓
▓▓▓▓▓▓▓▓▓▓▓▓▓▓▓▓▓▓▓


You could see a royal mummy and an ushabti (catching breath).


Message History

You destroy the mummy!
Qazlal accepts your kill. The death scarab completely misses you.
The royal mummy hits you!
* * * LOW HITPOINT WARNING * * *
The flying skull barely misses you. 😨 HP[-13]
You take 13 damage, and now have 33/78 hp.
You closely miss the flying skull.
The death scarab bites you but does no damage.
You block the flying skull's attack.
You miss the flying skull. You block the death scarab's attack.
The royal mummy calls on the powers of darkness!
Your body is wracked with pain!
* * * LOW HITPOINT WARNING * * *
The death scarab bites you!
* * * LOW HITPOINT WARNING * * *
The flying skull misses you. 😱 HP[-17]
You take 17 damage, and now have 16/78 hp.
MASSIVE DAMAGE!! (PAUSE)
You feel much better. You block the death scarab's attack.
The royal mummy gestures wildly while chanting.
The flying skull is engulfed in freezing vapours.
The flying skull hits you.
* * * LOW HITPOINT WARNING * * *
You feel more protected from physical attacks.
The ushabti hits you but does no damage. 😨 HP[+16] MP[+1]
You regained 16 hp, and now have 32/78 hp.
You hit the ushabti but do no damage. You block the death scarab's attack.
The flying skull is engulfed in freezing vapours.
The flying skull misses you. You block the death scarab's attack.
The royal mummy hits you but does no damage. 😨 HP[+1]
You barely miss the ushabti. You block the death scarab's attack.
The death scarab bites you!
* * * LOW HITPOINT WARNING * * *
The death scarab drains your vigour!
You feel yourself slow down.
The flying skull is engulfed in freezing vapours.
The flying skull hits you but does no damage. 😨 HP[-9]
You take 9 damage, and now have 24/78 hp.
Activating: Disaster Area (1% risk of failure)
Press: ? - help, Dir - look around, f - activate Nature churns violently around you!
The blast of rubble hits the ushabti!
The blast of rubble hits the flying skull!!
You destroy the flying skull!
Qazlal accepts your kill.
The blast of rubble hits the royal mummy!!
The blast of magma engulfs the death scarab!!
The blast of rubble hits the royal mummy!!!
The blast of rubble hits the ushabti!
The death scarab disappears in a puff of smoke!
You block the death scarab's attack.
The death scarab is struck by lightning.
The death scarab bites you!
* * * LOW HITPOINT WARNING * * *
The death scarab drains your vigour!
You feel as though you will be slow longer.
The death scarab bites you!
* * * LOW HITPOINT WARNING * * *
The royal mummy calls on the powers of darkness!
You feel a surge of unholy energy.
The ushabti hits you but does no damage.
The death scarab is struck by lightning.
The royal mummy gestures wildly while chanting.
The ushabti shakes and rattles deafeningly! 😱 HP[-19] MP[-8]
You take 19 damage, and now have 5/78 hp.
MASSIVE DAMAGE!! (PAUSE)
You lost 8 mp, and now have 12/28 mp.
Activating: Disaster Area (1% risk of failure)
Press: ? - help, Dir - look around, f - activate Nature churns violently around you!
The cutting wind hits the death scarab!! x3
The cutting wind hits the death scarab!
You destroy the death scarab!
The death scarab's corpse disappears in a puff of smoke!
The cutting wind hits the death scarab!!!
You destroy the death scarab!
The death scarab's corpse disappears in a puff of smoke!
The cutting wind hits the ushabti!
You hear a sizzling sound!
The blast of magma engulfs the death scarab!!!
You destroy the death scarab!
The death scarab's corpse disappears in a puff of smoke!
You hear a sizzling sound!
The cutting wind hits the death scarab!!!
You destroy the death scarab!
The death scarab's corpse disappears in a puff of smoke!
The royal mummy is engulfed in blazing flames.
The royal mummy closely misses you.
You block the ushabti's attack. 😱 HP[+1] MP[-8]
You lost 8 mp, and now have 4/28 mp.
You feel better.
The royal mummy is engulfed in blazing flames.
The royal mummy hits you!!
You die...

Skill      XL: |  1  2  3  4  5  6  7  8  9 10 |
---------------+-------------------------------+-----
Staves         | 7 8 9 10 11 13 14 | 14.0
Fighting       | 4 5 7 8 9 11 13 | 13.5
Armour         | 5 6 9 11 | 11.8
Invocations    | 5 8 10 15 | 15.2
Dodging        | 4 7 |  7.5
Axes           | |  1.7
Shields        | |  3.2

Action                   |  1- 3 |  4- 6 |  7- 9 | 10-12 || total
-------------------------+-------+-------+-------+-------++-------
Melee: Quarterstaff      |    16 |    34 |    37 |    34 ||   121
Invok: Upheaval          |       |     2 |     3 |     1 ||     6
       Disaster Area     |       |       |     1 |     3 ||     4
  Use: Potion            |     2 |     2 |     5 |     4 ||    13
 Stab: Invisible         |       |     1 |     2 |       ||     3
Armor: Scale mail        |    19 |     2 |       |       ||    21
       Shadow dragon sca |       |    32 |    21 |    30 ||    83
Dodge: Dodged            |    20 |    26 |    20 |    20 ||    86
Block: Other             |       |     7 |     9 |    21 ||    37

Levels and vault maps discovered:
D:        sprint_v [room_start, room_1, room_2, room_3, room_4, room_5, room_6,
          room_7, room_8, room_9, room_10, room_11, room_12, room_13, room_14,
          room_15, room_16, room_17, room_18, room_19, room_20, room_21,
          room_22, room_23, room_24, room_25, room_26, room_27]

Notes
Turn   | Place    | Note
-------+----------+-------------------------------------------
     0 | D        | esteth the Gargoyle Fighter began the quest for the Orb.
     0 | D        | Reached XP level 1. HP: 14/14 MP: 1/1
     0 | D        | magus.rc [v1.11.3]
     0 | D        | Found a shimmering blue altar of Sif Muna.
     0 | D        | Found a sacrificial altar of Ru.
     0 | D        | Found a bloodstained altar of Trog.
     0 | D        | Found a stormy altar of Qazlal.
     0 | D        | Found an iron altar of Okawaru.
     0 | D        | Found a sparkling altar of Nemelex Xobeh.
     0 | D        | Found a blossoming altar of Fedhas.
     0 | D        | Found the +6 Majin-Bo {vamp, MP+6 Int+6}
     0 | D        | Found the +9 heavy crossbow "Sniper" {vorpal, Acc+∞ SInv}
     0 | D        | Found the +10 dark maul {vorpal}
     0 | D        | Found the +15 Maxwell's patent armour {-Cast -Tele rElec
                  | Will+ rCorr}
     0 | D        | Found the +18 shield of the Gong {rElec rN+ Will+ EV-5}
     0 | D        | Found the +14 obsidian axe {vorpal, Mesm Drain Fly SInv}
     0 | D        | Found the +7 great mace "Firestarter" {inner flame, rF++}
     0 | D        | Found the +6 shillelagh "Devastator" {shatter}
     0 | D        | Found the +11 plutonium sword {Contam Stlth-}
     0 | D        | Found the +8 lance "Wyrmbane" {slay drac, rPois rF+ rC+
                  | AC+3}
     0 | D        | Found the +9 sword of Zonguldrok {reap}
     0 | D        | Found the +13 scythe of Curses {drain, Drain}
     0 | D        | Found the +5 sword of Power {vorpal}
     0 | D        | Found the +7 mace of Variability {chain chaos}
     0 | D        | Found the +7 Singing Sword {vorpal, sonic wave}
     0 | D        | Found the +8 storm bow {elec, penet}
     2 | D        | Found a transporter.
     2 | D        | Found an ancient bone altar of Kikubaaqudgha.
     2 | D        | Found a viscous altar of Jiyva.
     2 | D        | Found a corrupted altar of Lugonu.
     2 | D        | Found a hazy altar of Hepliaklqana.
     2 | D        | Found a burning altar of Makhleb.
     2 | D        | Found an opulent altar of Gozag.
    22 | D        | A - a +5 crystal plate armour {rare}
    22 | D        | B - +5 gold dragon scales {rare}
    22 | D        | C - +5 shadow dragon scales {rare}
    22 | D        | E - +5 storm dragon scales {rare}
    26 | D        | a +5 executioner's axe {rare}; a +5 battleaxe; a +5 broad
                  | axe
    29 | D        | a +5 quick blade {rare}; a +5 rapier; a +5 dagger
    68 | D        | Became a worshipper of Qazlal Stormbringer
   158 | D        | Reached skill level 7 in Staves
   158 | D        | Reached XP level 2. HP: 19/19 MP: 2/2
   162 | D        | Entered arena 2.
   162 | D        | Found a transporter.
   167 | D        | Reached skill level 4 in Fighting
   167 | D        | Reached XP level 3. HP: 24/24 MP: 3/3
   175 | D        | You pick up a book of Decay and begin reading...
   175 | D        | You add the spells Corpse Rot, Dispel Undead and Death
                  | Channel to your library.
   267 | D        | Entered arena 3.
   267 | D        | Noticed a necrophage
   267 | D        | Found a transporter.
   279 | D        | Reached * piety under Qazlal
   280 | D        | Reached skill level 5 in Fighting
   280 | D        | Reached skill level 8 in Staves
   280 | D        | Reached XP level 4. HP: 21/32 MP: 4/4
   285 | D        | Killed a necrophage
   286 | D        | Reached skill level 7 in Fighting
   286 | D        | Reached skill level 9 in Staves
   286 | D        | Reached XP level 5. HP: 26/39 MP: 5/5
   294 | D        | You add the spells Alistair's Intoxication, Borgnjor's Vile
                  | Clutch and Eringya's Noxious Bog to your library.
   296 | D        | Got the amulet "Zoilona" {rN+ Regen+ Int-4 Stlth+}
   393 | D        | You finish putting on your +5 shadow dragon scales {rare}.
   496 | D        | Entered arena 4.
   496 | D        | Found a transporter.
   507 | D        | Reached ** piety under Qazlal
   508 | D        | Reached skill level 8 in Fighting
   508 | D        | Reached skill level 10 in Staves
   508 | D        | Reached skill level 4 in Armour
   509 | D        | Reached skill level 5 in Armour
   509 | D        | Reached XP level 6. HP: 35/45 MP: 6/6
   518 | D        | Reached skill level 9 in Fighting
   518 | D        | Reached skill level 6 in Armour
   618 | D        | Entered arena 5.
   618 | D        | Noticed a merfolk
   618 | D        | Noticed a merfolk
   618 | D        | Noticed a merfolk
   618 | D        | Noticed a merfolk
   618 | D        | Found a transporter.
   626 | D        | HP: 10/47 [merfolk (13)]
   639 | D        | Killed a merfolk
   640 | D        | Reached skill level 11 in Staves
   640 | D        | Reached skill level 5 in Invocations
   640 | D        | Reached XP level 7. HP: 26/51 MP: 8/10
   649 | D        | HP: 10/51 [merfolk (19)]
   654 | D        | Killed a merfolk
   654 | D        | Reached *** piety under Qazlal
   655 | D        | Reached skill level 12 in Staves
   655 | D        | Reached skill level 6 in Invocations
   655 | D        | HP: 12/51 [merfolk (16)]
   658 | D        | Killed a merfolk
   659 | D        | Reached skill level 13 in Staves
   659 | D        | Reached skill level 8 in Invocations
   659 | D        | Reached XP level 8. HP: 44/56 MP: 10/14
   670 | D        | Killed a merfolk
   678 | D        | You add the spells Olgreb's Toxic Radiance, Ozocubu's
                  | Refrigeration and Ignition to your library.
   721 | D        | Entered arena 6.
   721 | D        | Noticed a slime creature
   721 | D        | Found a transporter.
   725 | D        | Reached skill level 9 in Invocations
   726 | D        | Reached **** piety under Qazlal
   727 | D        | Paralysed by a floating eye for 4 turns
   731 | D        | Reached skill level 14 in Staves
   738 | D        | Killed a slime creature
   739 | D        | Reached skill level 10 in Invocations
   739 | D        | Reached XP level 9. HP: 37/61 MP: 17/17
   743 | D        | Got the +10 great sword of Vaeluo {freeze, rC- rN+ rCorr
                  | SInv}
   761 | D        | You add the spells Sting, Ice Form, Freezing Cloud and
                  | Yara's Violent Unravelling to your library.
   761 | D        | Got the Collected Works on Transmutation and the Snowflakes
   764 | D        | Entered arena 7.
   764 | D        | Noticed a wind drake
   764 | D        | Noticed a wind drake
   764 | D        | Noticed a wind drake
   765 | D        | Found a transporter.
   766 | D        | Paralysed by an air elemental for 1 turns
   767 | D        | Killed a wind drake
   767 | D        | Reached ***** piety under Qazlal
   768 | D        | Reached skill level 12 in Invocations
   768 | D        | Killed a wind drake
   769 | D        | Reached skill level 14 in Invocations
   772 | D        | Killed a wind drake
   773 | D        | Reached skill level 15 in Invocations
   798 | D        | You add the spells Borgnjor's Revivification, Necromutation
                  | and Death's Door to your library.
   800 | D        | You add the spells Gell's Gravitas and Simulacrum to your
                  | library.
   800 | D        | Got the Collected Works on Dislocated Darkness
   802 | D        | You pick up a book of Callings and begin reading...
   802 | D        | You add the spells Summon Small Mammal, Call Canine
                  | Familiar and Summon Guardian Golem to your library.
   805 | D        | You pick up a book of Misfortune and begin reading...
   805 | D        | You add the spells Confusing Touch and Enfeeble to your
                  | library.
   810 | D        | Entered arena 8.
   810 | D        | Noticed a deep elf zephyrmancer
   810 | D        | Noticed a deep elf archer
   810 | D        | Noticed a deep elf pyromancer
   810 | D        | Noticed a deep elf zephyrmancer
   810 | D        | Noticed a deep elf pyromancer
   811 | D        | Found a transporter.
   812 | D        | Killed a deep elf pyromancer
   813 | D        | Reached skill level 10 in Fighting
   813 | D        | Reached skill level 7 in Armour
   813 | D        | Reached skill level 2 in Dodging
   814 | D        | Killed a deep elf zephyrmancer
   814 | D        | Killed a deep elf archer
   814 | D        | Killed a deep elf zephyrmancer
   815 | D        | Reached skill level 11 in Fighting
   815 | D        | Reached skill level 9 in Armour
   815 | D        | Reached skill level 4 in Dodging
   815 | D        | Reached XP level 10. HP: 37/70 MP: 15/21
   815 | D        | Killed a deep elf pyromancer
   816 | D        | Reached skill level 5 in Dodging
   844 | D        | You pick up a book of Geomancy and begin reading...
   844 | D        | You add the spells Sandblast, Passwall and Stone Arrow to
                  | your library.
   851 | D        | Entered arena 9.
   851 | D        | Noticed a sixfirhy
   851 | D        | Noticed Luomev the pandemonium lord
   852 | D        | Found a transporter.
   857 | D        | Reached ****** piety under Qazlal
   857 | D        | Killed a sixfirhy
   858 | D        | Reached skill level 12 in Fighting
   858 | D        | Reached skill level 10 in Armour
   858 | D        | Reached skill level 6 in Dodging
   859 | D        | HP: 16/72 [Luomev the pandemonium lord (28)]
   876 | D        | Killed Luomev the pandemonium lord
   877 | D        | Reached skill level 13 in Fighting
   877 | D        | Reached skill level 11 in Armour
   877 | D        | Reached skill level 7 in Dodging
   877 | D        | Reached XP level 11. HP: 70/78 MP: 18/22
   883 | D        | You add the spells Beastly Appendage, Anguish, Petrify and
                  | Discord to your library.
   883 | D        | Got the Grimoire of Shifting Execration
   890 | D        | Entered arena 10.
   890 | D        | Found the +3 warlock's mirror {reflect}
   890 | D        | Noticed a royal mummy
   891 | D        | Found a transporter.
   893 | D        | Noticed a death scarab
   903 | D        | HP: 16/78 [death scarab[a royal mummy] (12)]
   905 | D        | Noticed a death scarab
   907 | D        | HP: 5/78 [death scarab[a royal mummy] (8)]
   908 | D        | Noticed a death scarab
   908 | D        | Noticed a death scarab
   908 | D        | Noticed a death scarab
   909 | D        | Mangled by a royal mummy

Vanquished Creatures
  A pandemonium lord (D)
  A sixfirhy (D)
  A deep elf archer (D)
  2 deep elf pyromancers (D)
  2 deep elf zephyrmancers (D)
  A hellwing (D)
  4 merfolk (D)
  3 wind drakes (D)
  A slime creature (D)
  2 flying skulls (D)
  4 air elementals (D)
  A neqoxec (D)
  2 floating eyes (D)
  A necrophage (D)
  4 scorpions (D)
  A wight (D)
  A quasit (D)
  An iron imp (D)
  A jelly (D)
  An orc wizard (D)
  2 mummies (D)
  A white imp (D)
  An orc (D)
  A bat skeleton (D)
  A bat zombie (D)
  An endoplasm (D)
  A bat simulacrum (D)
43 creatures vanquished.

Table legend:
 A = Non-vault XP
 B = Vault XP
 C = Vault XP percentage of total XP
 D = Non-vault monster count
 E = Vault monster count
 F = Vault count percentage of total count
                 A         B        C        D         E       F
            +---------+---------+-------+---------+---------+-------
      Total |       0 |   10705 | 100.0 |       0 |      43 | 100.0
            +---------+---------+-------+---------+---------+-------
          D |       0 |   10705 | 100.0 |       0 |      43 | 100.0
            +---------+---------+-------+---------+---------+-------

Illustrated notes

Table legend:
 A = Kills in this place as a percentage of kills in entire the game.
 B = Kills by you in this place as a percentage of kills by you in the entire game.
 C = Kills by friends in this place as a percentage of kills by friends in the entire game.
 D = Other kills in this place as a percentage of other kills in the entire game.
 E = Experience gained in this place as a percentage of experience gained in the entire game.
 F = Experience gained in this place divided by the number of levels of this place that you have seen.
                   A       B       C       D       E      F
               +-------+-------+-------+-------+-------+----------------------
         Total | 100.0 | 100.0 |   N/A |   N/A | 100.0 | 10705.0
       Dungeon | 100.0 | 100.0 |   N/A |   N/A | 100.0 | 10705.0
               +-------+-------+-------+-------+-------+----------------------

Table legend: (Time is in decaauts)
 A = Elapsed time spent in this place.
 B = Non-inter-level travel time spent in this place.
 C = Inter-level travel time spent in this place.
 D = Time resting spent in this place.
 E = Time spent auto-exploring this place.
 F = Levels seen in this place.
 G = Mean time per level.
                   A        B        C        D        E       F      G
               +--------+--------+--------+--------+--------+-----+--------+
         Total |    871 |    871 |      0 |    482 |     25 |   1 |  871.0 |
       Dungeon |    871 |    871 |      0 |    482 |     25 |   1 |  871.0 |
               +--------+--------+--------+--------+--------+-----+--------+

Top non-repeatable levels by time:
       D: 871 daAuts
